 Dungeon Crawl Stone Soup version 0.24-a0-459-g225fefd530 (webtiles) character file.

Game seed: 8126032295344032682

164 Craser22 the Chopper (level 5, -1/45 HPs)
             Began as a Minotaur Berserker on June 29, 2019.
             Was a Priest of Trog.
             Killed by nerve-wracking pain
             ... invoked by an orc priest
              (11 damage)
             ... on level 3 of the Dungeon.
             The game lasted 00:05:07 (1600 turns).

Craser22 the Chopper (Minotaur Berserker)           Turns: 1600, Time: 00:05:08

Health: -1/45      AC:  9    Str: 21    XL:     5   Next: 21%
Magic:  4/4        EV:  8    Int:  4    God:    Trog [***...]
Gold:   160        SH:  0    Dex: 11    Spells: 4/4 levels left

rFire    . . .     SeeInvis .   a - +0 hand axe
rCold    . . .     Gourm    .   (no shield)
rNeg     . . .     Faith    .   h - +0 chain mail
rPois    .         Spirit   .   (helmet restricted)
rElec    .         Reflect  .   (no cloak)
rCorr    .         Harm     .   (no gloves)
MR       .....                  l - +0 pair of boots
Stlth    ..........             (no amulet)
HPRegen  0.15/turn              (no ring)
MPRegen  0.09/turn              (no ring)

@: no status effects
A: retaliatory headbutt, horns 2
a: Berserk, Trog's Hand, Renounce Religion


You were on level 3 of the Dungeon.
You worshipped Trog.
Trog was most pleased with you.
You were not hungry.

You visited 1 branch of the dungeon, and saw 3 of its levels.

You collected 160 gold pieces.


Innate Abilities, Weirdness & Mutations

You reflexively headbutt those who attack you in melee.
You have a pair of horns on your head.


   Skills:
 - Level 3.6 Fighting
 + Level 7.2 Axes
 - Level 2.4 Armour
 - Level 2.1 Dodging


You had 4 spell levels left.
You didn't know any spells.
Your spell library was empty.

Inventory:

Hand Weapons
 a - a +0 hand axe (weapon)
Missiles
 i - 19 stones (quivered)
Armour
 h - a +0 chain mail (worn)
 l - a +0 pair of boots (worn)
Scrolls
 b - a scroll of identify {unknown}
 d - 2 scrolls of enchant armour {unknown}
 e - 4 scrolls of remove curse {unknown}
 g - 2 scrolls of magic mapping {unknown}
 k - 3 scrolls of fog {unknown}
 q - a scroll of noise {unknown}
Potions
 j - 2 potions of curing {unknown}
 m - a potion of agility {unknown}
 n - a potion of heal wounds {unknown}
 o - a potion of might {unknown}
 p - 2 potions of lignification {unknown}
Comestibles
 c - 2 rations
 f - 9 chunks of flesh

Dungeon Overview and Level Annotations

Branches:
Dungeon (3/15)

Altars:
Xom

Annotations:
D:1 ring - flying

.....o
......
▒▒▒▒.....h
.........
▒........
▒▒.▒ ▒▒..▒
▒▒).▒▒
▒Hh▒▒ ▒o▒▒
▒.▒ ..▒
.▒.. ..▒.▒
.▒ ..▒ ▒▒
.▒.


You could see an orc priest and a jackal.


Message History

You kill the orc!
Trog accepts your kill.
The orc priest mumbles some strange prayers to Beogh against you.
Pain shoots through your body!
The jackal bites you but does no damage.
You barely miss the orc priest.
The orc priest is heavily wounded.
You hit the jackal. The jackal barely misses you.
The orc priest hits you but does no damage.
You are electrocuted!
* * * LOW HITPOINT WARNING * * *
The jackal bites you but does no damage.
You closely miss the orc priest.
The orc priest is heavily wounded.
You closely miss the jackal. You hit the jackal.
You kill the jackal!
Trog accepts your kill.
The jackal bites you but does no damage.
The orc priest misses you. You furiously retaliate!
You headbutt the orc priest. You barely miss the orc priest.
The orc priest is almost dead.
You hit the jackal. The jackal misses you.
The orc priest calls down the wrath of Beogh upon you.
Pain shoots through your body!
You die...

Action                   |  1- 3 |  4- 6 || total
-------------------------+-------+-------++-------
Melee: Hand axe          |    80 |    54 ||   134
       Headbutt          |    21 |     7 ||    28
Invok: Berserk           |       |     1 ||     1
  Eat: Chunk             |     1 |     2 ||     3
Armor: Animal skin       |     3 |       ||     3
       Chain mail        |    40 |    33 ||    73
       Ring mail         |     3 |       ||     3
Dodge: Dodged            |    43 |    25 ||    68

Levels and vault maps discovered:
D:1:      lemuel_arrival_lava_pool, layout_basic, minmay_unequal
D:2:      layout_rooms, xom_teletrap_fun
D:3:      layout_rooms, grunt_gozag_statues, vehumet_crystals,
          nicolae_overflow_crystal_walls, hangedman_feature_mirror,
          uniq_crazy_yiuf_cottage, uniq_ijyb

Notes
Turn   | Place    | Note
-------+----------+-------------------------------------------
     0 | D:1      | Craser22 the Minotaur Berserker began the quest for the
                  | Orb.
     0 | D:1      | Reached XP level 1. HP: 19/19 MP: 0/0
    92 | D:1      | Reached skill level 4 in Axes
    98 | D:1      | Reached XP level 2. HP: 21/26 MP: 1/1
   534 | D:1      | Reached skill level 5 in Axes
   562 | D:1      | Reached ** piety under Trog
   570 | D:1      | Reached XP level 3. HP: 31/31 MP: 2/2
  1134 | D:2      | Found a shimmering altar of Xom.
  1191 | D:2      | Reached skill level 6 in Axes
  1191 | D:2      | Reached XP level 4. HP: 37/39 MP: 3/3
  1585 | D:3      | Reached *** piety under Trog
  1596 | D:3      | Reached skill level 7 in Axes
  1596 | D:3      | Reached XP level 5. HP: 39/45 MP: 4/4
  1600 | D:3      | Killed from afar by an orc priest

Vanquished Creatures
  An orc wizard (D:3)
  4 gnolls (D:2)
  An adder (D:2)
  An ooze (D:2)
  5 dart slugs
  4 leopard geckos
  3 orcs (D:3)
  A giant cockroach (D:1)
  6 goblins
  9 hobgoblins
  9 jackals
  7 kobolds
  2 ball pythons
  7 bats
  A quokka skeleton (D:3)
  3 rats (D:1)
64 creatures vanquished.
